 Dungeon Crawl Stone Soup version 0.28.0-49-g6dfe1f597d (webtiles) character file.

Game seed: 13360559897023070951

644 Revguard the Chopper (level 7, -2/54 HPs)
             Began as a Demonspawn Berserker on May 11, 2022.
             Was a Believer of Trog.
             Slain by a gnoll
             ... wielding a +0 halberd
              (7 damage)
             ... on level 5 of the Dungeon.
             The game lasted 00:13:09 (7111 turns).

Revguard the Chopper (Demonspawn Berserker)         Turns: 7111, Time: 00:13:10

Health: -2/54      AC:  6    Str: 19    XL:     7   Next: 26%
Magic:  7/7        EV: 10    Int:  8    God:    Trog [**....]
Gold:   284        SH:  0    Dex: 13    Spells: 6/6 levels left

rFire   . . .      SeeInvis .   a - +1 hand axe
rCold   . . .      Faith    .   (no shield)
rNeg    . . .      Spirit   .   c - +0 scale mail
rPois   .          Reflect  .   (no helmet)
rElec   .          Harm     .   (no cloak)
rCorr   .          Rampage  .   (no gloves)
Will    ++...                   (no boots)
Stlth   ..........              (no amulet)
HPRegen 1.18/turn               (no ring)
MPRegen 0.10/turn               (no ring)

@: strong-willed, on berserk cooldown, regenerating, slowed, very slow
A: demonic magic 1, demonic touch 2
a: Renounce Religion, Berserk, Trog's Hand


You were on level 5 of the Dungeon.
You worshipped Trog.
Trog was pleased with you.
You visited 1 branch of the dungeon, and saw 5 of its levels.

You collected 284 gold pieces.

Inventory:

Hand Weapons
 a - a +1 hand axe (weapon)
Armour
 c - a +0 scale mail (worn)
 j - a +0 leather armour
Jewellery
 p - a +6 ring of intelligence
Scrolls
 b - a scroll of identify
 d - 2 scrolls of holy word
 e - 2 scrolls of teleportation
 g - a scroll of magic mapping
 l - a scroll of immolation {unknown}
Potions
 f - a potion of magic
 i - a potion of mutation {unknown}


   Skills:
 + Level 4.2 Fighting
 * Level 4.6 Axes
 + Level 2.2 Throwing
 * Level 3.4 Armour
 + Level 3.1 Dodging
 + Level 2.5 Evocations


You had 6 spell levels left.
You didn't know any spells.
Your spell library was empty.

Dungeon Overview and Level Annotations

Branches:
Dungeon (5/15)             Temple (0/1) D:4

Altars:

Shops:
D:5 *


Innate Abilities, Weirdness & Mutations

Spells you cast may paralyse adjacent enemies.
Your touch may inflict irresistible damage on your foes.


Message History

The gnoll barely misses you.
The gnoll hits you from afar with a +0 halberd.
The gnoll closely misses you.
You feel your dexterity returning.
You feel much better.
The gnoll hits you from afar with a +0 halberd!
The gnoll hits you with a +0 whip.
The gnoll hits you from afar with a +0 halberd!
The gnoll hits you with a +0 whip. The gnoll barely misses you.
You barely miss the gnoll. The gnoll hits you but does no damage.
The gnoll misses you. The gnoll hits you with a +0 whip.
The gnoll closely misses you. The gnoll hits you but does no damage.
You feel much better.
The gnoll hits you from afar with a +0 halberd.
The gnoll hits you with a +0 whip. The gnoll closely misses you.
The gnoll misses you. The gnoll barely misses you.
The gnoll hits you with a +0 whip.
The gnoll hits you from afar with a +0 halberd.
* * * LOW HITPOINT WARNING * * *
The gnoll hits you with a +0 whip.
* * * LOW HITPOINT WARNING * * *
The gnoll barely misses you. The gnoll misses you.
The gnoll hits you but does no damage. The gnoll barely misses you. x2
The gnoll hits you with a +0 whip.
* * * LOW HITPOINT WARNING * * *
The gnoll closely misses you. The gnoll barely misses you.
The gnoll closely misses you. The gnoll misses you.
Okay, then.
You feel better.
The gnoll is no longer moving quickly.
The gnoll barely misses you. The gnoll closely misses you.
The gnoll hits you from afar with a +0 halberd!
* * * LOW HITPOINT WARNING * * *
The gnoll closely misses you. The gnoll barely misses you.
Your skin crawls.
You feel strong-willed.
The gnoll hits you from afar with a +0 halberd!
You die...

### # #.. #.##.##
#.#
....?..############
#.#
.......))..ggg@...#
#.#
g......##########.#
#.# ....... #.# #.#
......l #># #.#
...###. #.# #.# ..
## #.# #.# . #.#
#.. #.# ###
#########.######.


You could see 3 gnolls.

Vanquished Creatures
  An ice beast (D:4)
  A necrophage (D:4)
  A scorpion (D:5)
  A water moccasin skeleton (D:4)
  A jelly (D:4)
  A centaur skeleton (D:5)
  An orc priest (D:4)
  A gnoll shaman (D:5)
  An iguana (D:5)
  An orc wizard (D:4)
  A hound skeleton (D:4)
  5 gnolls
  5 adders
  4 worms
  2 dart slugs
  10 orcs
  2 bats (D:3)
  4 endoplasms
  4 giant cockroaches
  7 goblins
  3 hobgoblins
  3 quokkas (D:3)
  2 ball pythons
  2 frilled lizards
  9 kobolds
  7 rats
80 creatures vanquished.

Vanquished Creatures (others)
  190 plants (D:1)
190 creatures vanquished.

Grand Total: 270 creatures vanquished

Notes
Turn   | Place    | Note
-------+----------+-------------------------------------------
     0 | D:1      | Revguard the Demonspawn Berserker began the quest for the
                  | Orb.
     0 | D:1      | Reached XP level 1. HP: 18/18 MP: 1/1
   831 | D:1      | Gained mutation: Your touch may inflict minor irresistible
                  | damage on your foes. [demonic ancestry]
   831 | D:1      | Reached XP level 2. HP: 16/24 MP: 2/2
  2635 | D:2      | Reached XP level 3. HP: 24/29 MP: 3/3
  3730 | D:3      | Reached skill level 1 in Throwing
  3735 | D:3      | Reached skill level 1 in Evocations
  3749 | D:3      | Reached ** piety under Trog
  3750 | D:3      | Reached XP level 4. HP: 22/35 MP: 4/4
  5115 | D:4      | Reached XP level 5. HP: 41/41 MP: 5/5
  5292 | D:4      | Noticed an ice beast
  5301 | D:4      | Killed an ice beast
  5302 | D:4      | Gained mutation: Your touch may inflict irresistible damage
                  | on your foes. [demonic ancestry]
  5302 | D:4      | Reached XP level 6. HP: 45/48 MP: 6/6
  6113 | D:4      | Found a staircase to the Ecumenical Temple.
  6855 | D:5      | Entered Level 5 of the Dungeon
  6855 | D:5      | Found Uzxe's General Store.
  6865 | D:5      | Gained mutation: Spells you cast may paralyse adjacent
                  | enemies. [demonic ancestry]
  6865 | D:5      | Reached XP level 7. HP: 52/54 MP: 7/7
  7111 | D:5      | Slain by a gnoll

Illustrated notes

Levels and vault maps discovered:
D:1:      roderic_crop_circles_arrival_small, layout_basic,
          basic_ecumenical_altar, minivault_19, minmay_door_square, nrook_uturn,
          grunt_decor_mini_mirrors, minmay_strange_pillars, lemuel_old_faithful
D:2:      minmay_angry_zag, layout_basic, minmay_puff
D:3:      layout_basic, minmay_distorted
D:4:      layout_layer_cave, minmay_temple_entry_crystal_x
D:5:      layout_loops_ring, serial_shops, shop_fountains,
          gammafunk_ghost_grave, minmay_tree_intersection,
          lightli_church_of_beogh

Skill      XL: |  1  2  3  4  5  6 |
---------------+-------------------+-----
Dodging        | 2 3 |  3.1
Axes           | 3 4 |  4.6
Armour         | 2 3 |  3.4
Throwing       | 1 2 |  2.2
Evocations     | 1 2 |  2.5
Fighting       | 4 |  4.2

Action                   |  1- 3 |  4- 6 |  7- 9 || total
-------------------------+-------+-------+-------++-------
Melee: Hand axe          |   387 |   120 |    16 ||   523
       Touch             |   127 |    30 |     5 ||   162
       Punch             |    10 |       |     1 ||    11
Invok: Berserk           |     1 |     4 |     1 ||     6
       Trog's Hand       |       |     1 |     2 ||     3
  Use: Scroll            |     8 |     2 |       ||    10
       Potion            |     5 |     2 |     3 ||    10
 Stab: Distracted        |     1 |       |       ||     1
       Sleeping          |     1 |       |       ||     1
Armor: Animal skin       |    16 |     3 |       ||    19
       Leather armour    |       |    11 |       ||    11
       Scale mail        |       |    21 |     5 ||    26
Dodge: Dodged            |    67 |    76 |    30 ||   173
